 Dungeon Crawl Stone Soup version 0.30-a0-311-gf115ab0292 (webtiles) character file.

Game seed: 2073318110478494807

61 Arex the Insei (level 4, -4/29 HPs)
             Began as an Octopode Transmuter on Oct 25, 2022.
             Slain by an orc
             ... wielding a +0 flail
              (7 damage)
             ... on level 3 of the Dungeon.
             The game lasted 00:02:27 (1532 turns).

Arex the Insei (Octopode Transmuter)                Turns: 1532, Time: 00:02:28

Health: -4/29      AC:  1    Str:  9    XL:     4   Next: 7%
Magic:  7/7        EV: 13    Int: 17    God:
Gold:   84         SH:  0    Dex: 12    Spells: 3/7 levels left

rFire   . . .      SeeInvis .      - Unarmed
rCold   . . .      Faith    .    (no shield)
rNeg    . . .      Spirit   .    (helmet restricted)
rPois   .          Reflect  .    (no amulet)
rElec   .          Harm     .    (no ring)
rCorr   .          Rampage  .    (no ring)
Will    .....                    (no ring)
Stlth   ++........               (no ring)
HPRegen 0.24/turn                (no ring)
MPRegen 0.10/turn                (no ring)
                                 (no ring)
                                 (no ring)

@: no status effects
A: almost no armour, amphibious, 8 rings, camouflage 1, gelatinous body 1,
(nimble swimmer 1), tentacles
a: no special abilities


You were on level 3 of the Dungeon.
You visited 1 branch of the dungeon, and saw 3 of its levels.

You collected 84 gold pieces.

Inventory:

Scrolls
 b - a scroll of identify {unknown}
 c - a scroll of magic mapping {unknown}
 d - a scroll of vulnerability {unknown}
 f - a scroll of teleportation {unknown}
Potions
 a - a potion of lignification
 e - a potion of heal wounds {unknown}


   Skills:
 + Level 1.9 Fighting
 + Level 2.6 Dodging
 + Level 0.6 Stealth
 + Level 3.4 Unarmed Combat
 - Level 2.0 Spellcasting
 + Level 2.5 Transmutations
 * Level 0.9 Poison Magic


You had 3 spell levels left.
You knew the following spells:

 Your Spells              Type           Power      Damage    Failure   Level
a - Beastly Appendage     Tmut           20%        N/A       7%          1
b - Spider Form           Tmut/Pois      7%         N/A       28%         3

Your spell library contained the following spells:

 Spells                   Type           Power      Damage    Failure   Level
 Wereblood                Tmut           10%        N/A       11%         2
 Ice Form                 Ice/Tmut       6%         N/A       75%         4


Dungeon Overview and Level Annotations

Branches:
Dungeon (3/15)

Altars:

Shops:
D:1 *


Innate Abilities, Weirdness & Mutations

You cannot wear most types of armour.
You are amphibious.
You can wear up to eight rings at the same time.
Your skin changes colour to match your surroundings (Stealth+).
Your rubbery body absorbs attacks. (AC +1, EV +1)
((You are camouflaged when in or above water. (Stealth+)))
You have tentacles for arms and can constrict up to eight enemies at once.


Message History

The orc burns you. The orc misses you. The orc barely misses you.
There is a stone staircase leading down here.
The orc completely misses you. The orc misses you. The orc closely misses you.
You climb downwards.
There is a stone staircase leading up here.
You completely miss the orc. You grab the orc. You squeeze the orc.
The orc is heavily wounded.
You constrict the orc. The orc barely misses you.
The orc hits you with a +1 short sword of flaming.
The orc burns you. The orc hits you with a +0 dagger.
You barely miss the orc.
The orc is severely wounded.
You constrict the orc, but do no damage.
The orc barely misses you. The orc closely misses you. x2
You tentacle-slap the orc but do no damage.
The orc is severely wounded.
You constrict the orc, but do no damage.
The orc hits you with a +0 flail. The orc closely misses you.
The orc hits you with a +0 dagger.
You tentacle-slap the orc but do no damage.
You squeeze the orc.
You kill the orc!
Things that are here:
a +1 short sword of flaming; a +0 scale mail You tentacle-slap the orc but do no damage.
You grab the orc. You squeeze the orc, but do no damage.
You constrict the orc, but do no damage.
The orc closely misses you.
You tentacle-slap the orc but do no damage.
You constrict the orc, but do no damage.
The orc misses you.
You tentacle-slap the orc.
The orc is lightly wounded.
You constrict the orc, but do no damage.
The orc hits you with a +0 flail!
* * * LOW HITPOINT WARNING * * *
You tentacle-slap the orc but do no damage.
The orc is lightly wounded.
You constrict the orc. The orc hits you with a +0 flail!
You die...

#.# #.#
#.# #.#
#.# #.#
#.# #@#
#o#
#o########
#.†.......
##########


You could see 2 orcs.

Vanquished Creatures
  An adder (D:2)
  An orc (D:3)
  3 endoplasms (D:1)
  A giant cockroach (D:1)
  6 goblins
  7 hobgoblins
  4 jackals (D:2)
  A kobold (D:2)
  3 quokkas
  7 ball pythons
  6 bats
  3 frilled lizards
  3 rats
46 creatures vanquished.

Notes
Turn   | Place    | Note
-------+----------+-------------------------------------------
     0 | D:1      | Arex the Octopode Transmuter began the quest for the Orb.
     0 | D:1      | Reached XP level 1. HP: 13/13 MP: 3/3
    86 | D:1      | Reached XP level 2. HP: 8/18 MP: 5/5
   480 | D:1      | Found a faded altar of an unknown god.
   484 | D:1      | Found Ytzamietz's General Store.
   487 | D:1      | Reached XP level 3. HP: 23/23 MP: 6/6
   872 | D:1      | Learned a level 3 spell: Spider Form
  1334 | D:2      | Reached XP level 4. HP: 29/29 MP: 7/7
  1532 | D:3      | Slain by an orc

Illustrated notes

Levels and vault maps discovered:
D:1:      giann_forest_graveyard, layout_loops_ring,
          hellmonk_ecumenical_altar_run_dry, serial_shops,
          nicolae_shop_temple_entry_statues_fountains
D:2:      layout_basic, hangedman_decor_diamond_cutter,
          hangedman_decor_clover_reticule
D:3:      layout_loops_ring, grunt_ashenzari_visionary
          [grunt_ashenzari_visionary_swamp, grunt_ashenzari_visionary_snake],
          slow_altar_2, minmay_statues_item, uniq_robin, uniq_natasha

Action                   |  1- 3 |  4- 6 || total
-------------------------+-------+-------++-------
Melee: Unarmed           |   100 |    14 ||   114
       Constrict         |    25 |     5 ||    30
       Tentacles         |    16 |     5 ||    21
       Punch             |     2 |       ||     2
       Kick              |     3 |       ||     3
 Cast: Beastly Appendage |     2 |       ||     2
 Stab: Sleeping          |    12 |       ||    12
Armor: Skin              |    10 |       ||    10
Dodge: Dodged            |    48 |    22 ||    70

Table legend: (Time is in decaauts)
 A = Elapsed time spent in this place.
 B = Non-inter-level travel time spent in this place.
 C = Inter-level travel time spent in this place.
 D = Time resting spent in this place.
 E = Time spent auto-exploring this place.
 F = Levels seen in this place.
 G = Mean time per level.
                   A        B        C        D        E       F      G
               +--------+--------+--------+--------+--------+-----+--------+
         Total |   1526 |   1473 |     53 |    108 |   1019 |   3 |  508.7 |
       Dungeon |   1526 |   1473 |     53 |    108 |   1019 |   3 |  508.7 |
               +--------+--------+--------+--------+--------+-----+--------+

Top non-repeatable levels by time:
     D:1: 869 daAuts
     D:2: 531 daAuts
     D:3: 125 daAuts
